[Event "Titled Tuesday Blitz December 06 Late 2022"]
[White "Darini, Pouria"]
[Black "Quinones Garcia, Santiago"]
[WhiteFideId "12502200"]
[BlackFideId "4408497"]
[WhiteElo "2482"]
[BlackElo "2249"]
[Result "1-0"]
[Round "04"]
[TimeControl "180+1"]
[Date "2022.12.07"]
[WhiteClock "0:01:00"]
[BlackClock "0:00:02"]

1. d4 Nf6 2. c3 d5 3. Bf4 c6 4. e3 g6 5. Nd2 Bg7 6. Ngf3 O-O 7. h3 Bf5 8. Be2 Nbd7 9. O-O Ne4 10. Nxe4 Bxe4 11. a4 Re8 12. a5 e5 13. dxe5 Nxe5 14. Nxe5 Bxe5 15. Bxe5 Rxe5 16. Bf3 Bxf3 17. Qxf3 Qe7 18. Rfd1 Re8 19. Rd4 Re4 20. Rxe4 Qxe4 21. Qxe4 Rxe4 22. Kf1 Kf8 23. Ke2 Re7 24. g4 Rd7 25. g5 Kg7 26. Ra4 h6 27. h4 h5 28. Rb4 Kf8 29. f4 Ke7 30. Kf3 Kd6 31. Rd4 c5 32. Rd1 Kc6 33. b4 Kb5 34. bxc5 Kxc5 35. Rd4 Rd6 36. f5 Ra6 37. Rb4 Kc6 38. Rf4 Rxa5 39. fxg6 fxg6 40. Rf6+ Kc5 41. Rxg6 Ra4 42. Kg3 Rg4+ 43. Kh3 Re4 44. Rh6 Rxe3+ 45. Kg2 Rxc3 46. Rxh5 Kd6 47. Rh6+ Ke5 48. Rf6 d4 49. h5 d3 50. h6 d2 51. Rf1 Rc1 52. h7 Rc8 53. g6 1-0


[Site "https://www.chess.com"]

[Event "Titled Tuesday Blitz December 06 Late 2022"]
[White "Dias, Joao Batista"]
[Black "Therrien, Alex L"]
[WhiteFideId "2108240"]
[BlackFideId "412856"]
[WhiteElo "1898"]
[BlackElo "2214"]
[Result "0-1"]
[Round "04"]
[TimeControl "180+1"]
[Date "2022.12.07"]
[WhiteClock "0:00:40"]
[BlackClock "0:00:05"]

1. e4 c6 2. Nf3 d5 3. exd5 cxd5 4. d4 Nc6 5. Bd3 Bg4 6. h3 Bh5 7. c3 Qc7 8. Be2 e6 9. Be3 Bd6 10. Nbd2 Nge7 11. Rc1 Nf5 12. O-O O-O 13. b3 Ba3 14. Rc2 Bg6 15. Nb1 Nxe3 16. fxe3 Bxc2 17. Qxc2 Bd6 18. e4 dxe4 19. Qxe4 Ne7 20. c4 Ng6 21. Nc3 a6 22. Rd1 Bb4 23. Qd3 Nf4 24. Qc2 Bxc3 25. Bf1 Bb4 26. Qe4 Rad8 27. Ne5 Ng6 28. h4 Nxe5 29. h5 Nd7 30. Bd3 Nf6 31. Qg4 Rxd4 32. Qf3 Rfd8 33. h6 Rf4 34. Qg3 Bc5+ 35. Kh2 g6 36. Rf1 Ng4+ 37. Kh3 e5 38. Rxf4 exf4 39. Qxg4 Rxd3+ 40. Kh2 Qd7 41. Qe2 Re3 42. Qb2 Bf8 43. c5 Qe7 44. Qf2 Qg5 45. c6 Qxh6+ 46. Kg1 bxc6 47. Qc2 Qh5 48. Qd2 Qe5 49. Kh2 Re4 50. Kh3 f3 51. gxf3 Re3 52. Kg2 Re2+ 0-1


[Site "https://www.chess.com"]

[Event "Titled Tuesday Blitz December 06 Late 2022"]
[White "Dimitrov, Atanas"]
[Black "Milikow, Yoav"]
[WhiteFideId "2901315"]
[BlackFideId "2822237"]
[WhiteElo "2610"]
[BlackElo "2416"]
[Result "1/2-1/2"]
[Round "04"]
[TimeControl "180+1"]
[Date "2022.12.06"]
[WhiteClock "0:00:18"]
[BlackClock "0:00:52"]

1. e4 e5 2. Nc3 Nf6 3. f4 d5 4. fxe5 Nxe4 5. Qf3 Nc6 6. Bb5 Nxc3 7. dxc3 Qh4+ 8. g3 Qe4+ 9. Qxe4 dxe4 10. Ne2 Bd7 11. Bxc6 Bxc6 12. Be3 O-O-O 13. Rf1 Bd5 14. Nf4 Bc4 15. Rf2 Be7 16. b3 Bb5 17. a4 Be8 18. Rd1 Rxd1+ 19. Kxd1 h5 20. Nd5 Bd8 21. c4 h4 22. Nc3 hxg3 23. hxg3 Rh5 24. Bd4 c5 25. Bxc5 Rxe5 26. Bd4 Re6 27. Nd5 f6 28. Kd2 Bf7 29. Ke3 b6 30. Rf1 Rd6 31. Nc3 Re6 32. Nd5 Rd6 33. Nc3 Rd7 34. g4 Be6 35. Rg1 Be7 36. Nxe4 Kb7 37. c3 Rd8 38. a5 Rh8 39. axb6 axb6 40. Rg3 Rh1 41. c5 Re1+ 42. Kd3 Bd5 43. Nd6+ Kc6 44. b4 bxc5 45. bxc5 Bxd6 46. cxd6 Kxd6 47. g5 Rf1 48. gxf6 gxf6 49. Rg6 Ke7 50. Rxf6 Rxf6 51. Bxf6+ Kxf6 52. Kd4 Bf7 53. Kc5 Ke7 54. Kb5 Kd8 55. c4 Be8+ 56. Kb6 Kc8 57. c5 Bh5 58. c6 Bd1 59. Kc5 Be2 60. Kd6 Bf1 61. Kc5 Bg2 62. Kd6 Bh1 63. Kc5 Bg2 64. Kd6 Bf1 65. c7 Be2 66. Kc6 Bd1 67. Kb6 Bc2 68. Kc6 Bb1 69. Kd6 Ba2 70. Kc6 Bb1 71. Kb6 Bc2 72. Kc6 Bd1 73. Kb6 Be2 74. Kc6 Bf1 75. Kd6 Bg2 1/2-1/2


[Site "https://www.chess.com"]

[Event "Titled Tuesday Blitz December 06 Late 2022"]
[White "Domingo Nunez, Ruben"]
[Black "Harshavardhan G B"]
[WhiteFideId "22245570"]
[BlackFideId "25059009"]
[WhiteElo "2562"]
[BlackElo "2753"]
[Result "1-0"]
[Round "04"]
[TimeControl "180+1"]
[Date "2022.12.07"]
[WhiteClock "0:00:16"]
[BlackClock "0:00:37"]

1. d4 Nf6 2. g3 d5 3. Bg2 g6 4. h4 h5 5. Nh3 Bg7 6. O-O O-O 7. Bg5 Bf5 8. c3 Nbd7 9. Nd2 c6 10. Re1 Qb6 11. Qb3 e5 12. dxe5 Nxe5 13. Be3 Qa6 14. Ng5 Rfe8 15. Bd4 Nfd7 16. e4 dxe4 17. Ndxe4 Be6 18. Nxe6 Rxe6 19. Ng5 Ree8 20. Bxe5 Nxe5 21. Rxe5 Rxe5 22. Qxf7+ Kh8 23. Qxg6 Kg8 24. Qf7+ Kh8 25. Qxh5+ Kg8 26. Qh7+ Kf8 27. Qg6 Qc4 28. Nh7+ Ke7 29. Qxg7+ Kd6 30. Rd1+ Rd5 31. Bxd5 cxd5 32. Ng5 Kc6 33. Qf6+ Kb5 34. Qd6 Qxa2 35. Rxd5+ Kc4 36. Rc5+ Kb3 37. Qd5+ Kxb2 38. Rb5+ Ka1 39. Qd1+ 1-0


[Site "https://www.chess.com"]

[Event "Titled Tuesday Blitz December 06 Late 2022"]
[White "Dzierzak, Radoslaw"]
[Black "Joubert, Dantelle"]
[WhiteFideId "1161407"]
[BlackFideId "14310813"]
[WhiteElo "2111"]
[BlackElo "1507"]
[Result "1-0"]
[Round "04"]
[TimeControl "180+1"]
[Date "2022.12.07"]
[WhiteClock "0:00:50"]
[BlackClock "0:00:39"]

1. e4 e5 2. Nf3 Nc6 3. Bc4 Bc5 4. O-O Nf6 5. Re1 O-O 6. d3 h6 7. c3 d6 8. Bb3 Bg4 9. h3 Be6 10. Bc2 Bb6 11. Nbd2 a6 12. Nf1 Ne7 13. Ng3 Ng6 14. d4 Ba7 15. Be3 b5 16. Qd2 Kh7 17. Rad1 a5 18. Qc1 Qc8 19. Nf5 Bxa2 20. Bxh6 Rg8 21. Bxg7 Rxg7 22. Qh6+ 1-0


[Site "https://www.chess.com"]

[Event "Titled Tuesday Blitz December 06 Late 2022"]
[White "Erdogmus, Yagiz Kaan"]
[Black "Lopez Gracia, Fernando"]
[WhiteFideId "44599790"]
[BlackFideId "2207184"]
[WhiteElo "2353"]
[BlackElo "2426"]
[Result "1-0"]
[Round "04"]
[TimeControl "180+1"]
[Date "2022.12.07"]
[WhiteClock "0:01:54"]
[BlackClock "0:01:18"]

1. d4 Nf6 2. Nf3 e6 3. c4 c5 4. d5 d6 5. Nc3 exd5 6. cxd5 g6 7. g3 Bg7 8. Bg2 O-O 9. O-O a6 10. a4 Nbd7 11. Nd2 Rb8 12. Nc4 Nb6 13. Na3 Bd7 14. a5 Nc8 15. e4 b5 16. axb6 Nxb6 17. Bf4 Ne8 18. Re1 h6 19. h4 g5 20. hxg5 hxg5 21. Be3 f5 22. exf5 Bxf5 23. Qh5 Bf6 24. Ne4 Ng7 25. Nxf6+ Qxf6 26. Qxg5 Qxg5 27. Bxg5 Rfe8 28. Bf4 Rxe1+ 29. Rxe1 Nc8 30. Nc4 Kf7 31. Nxd6+ Nxd6 32. Bxd6 Rxb2 33. Bxc5 Rd2 34. Re7+ Kf6 35. Ra7 Rd1+ 36. Kh2 Bd3 37. Bd4+ 1-0


[Site "https://www.chess.com"]

[Event "Titled Tuesday Blitz December 06 Late 2022"]
[White "Erzhanov, Arman"]
[Black "Da Silva Junior, Sediney Mari"]
[WhiteFideId "4138821"]
[BlackFideId "2132079"]
[WhiteElo "2176"]
[BlackElo "1996"]
[Result "0-1"]
[Round "04"]
[TimeControl "180+1"]
[Date "2022.12.07"]
[WhiteClock "0:01:44"]
[BlackClock "0:01:32"]

1. e4 e6 2. d4 d5 3. Nd2 c5 4. exd5 Qxd5 5. Ngf3 cxd4 6. Bc4 Qd6 7. Nb3 Nf6 8. Bg5 Qb4+ 9. Nfd2 b5 10. a3 Qd6 11. Bxb5+ Bd7 12. Bd3 Qe5+ 13. Ne4 Nxe4 14. f4 Qd5 15. O-O Nxg5 16. fxg5 Qxg5 17. Qf3 Qe3+ 18. Kh1 Qxf3 19. Rxf3 Nc6 20. Raf1 f6 21. Re1 e5 22. Be4 Rb8 23. Rg3 Ne7 24. Nc5 Rxb2 25. c3 f5 26. Bb1 f4 27. Rg5 dxc3 28. Rgxe5 c2 29. Bxc2 Rxc2 30. Rb1 Bc6 0-1


[Site "https://www.chess.com"]

[Event "Titled Tuesday Blitz December 06 Late 2022"]
[White "Espinosa, Pedro"]
[Black "Rustemov, Alexander"]
[WhiteFideId "30921066"]
[BlackFideId "4119002"]
[WhiteElo "2016"]
[BlackElo "2793"]
[Result "0-1"]
[Round "04"]
[TimeControl "180+1"]
[Date "2022.12.06"]
[WhiteClock "0:00:45"]
[BlackClock "0:02:10"]

1. d4 g6 2. c4 Bg7 3. Nc3 c5 4. d5 Bxc3+ 5. bxc3 f5 6. g3 Nf6 7. Bg2 Qa5 8. Bd2 d6 9. Qc2 Nbd7 10. e4 fxe4 11. Ne2 Ne5 12. Bxe4 Nxe4 13. Qxe4 Bf5 14. Qe3 Nxc4 15. Qh6 O-O-O 16. O-O Qa4 17. Bg5 Rde8 18. Nf4 Ne5 19. Ne6 Nf3+ 20. Kg2 Qe4 21. Bf4 Nh4+ 22. Kg1 Qg2# 0-1


[Site "https://www.chess.com"]

[Event "Titled Tuesday Blitz December 06 Late 2022"]
[White "Estrada Nieto, Julian"]
[Black "Bryant, Todd"]
[WhiteFideId "5101018"]
[BlackFideId "2031299"]
[WhiteElo "2195"]
[BlackElo "2326"]
[Result "1-0"]
[Round "04"]
[TimeControl "180+1"]
[Date "2022.12.07"]
[WhiteClock "0:01:58"]
[BlackClock "0:00:16"]

1. e4 c5 2. Nf3 d6 3. Bb5+ Nd7 4. d4 cxd4 5. Qxd4 a6 6. Bxd7+ Bxd7 7. Nc3 Nf6 8. Bg5 e6 9. O-O-O Be7 10. e5 dxe5 11. Nxe5 Bc6 12. Nxc6 bxc6 13. Bxf6 Bxf6 14. Qc5 Qc7 15. Ne4 Qf4+ 16. Nd2 Qc7 17. Nc4 Be7 18. Nd6+ Bxd6 19. Qxd6 Qxd6 20. Rxd6 Rc8 21. Rhd1 Ke7 22. Rd7+ Kf6 23. R1d3 Rhf8 24. Ra3 Rfd8 25. Rxd8 Rxd8 26. Rxa6 Rc8 27. Ra7 c5 28. Kd2 g6 29. Kc3 h5 30. a4 e5 31. a5 Ke6 32. a6 f5 33. Rb7 Rc6 34. a7 Ra6 35. Rb6+ Rxb6 36. a8=Q 1-0


[Site "https://www.chess.com"]

[Event "Titled Tuesday Blitz December 06 Late 2022"]
[White "Fernandez De La Vara, Arnaldo"]
[Black "Ansh M Shah"]
[WhiteFideId "3518388"]
[BlackFideId "25033379"]
[WhiteElo "2387"]
[BlackElo "2084"]
[Result "1-0"]
[Round "04"]
[TimeControl "180+1"]
[Date "2022.12.07"]
[WhiteClock "0:01:16"]
[BlackClock "0:00:11"]

1. e4 c6 2. Nf3 d5 3. Nc3 dxe4 4. Nxe4 Nf6 5. Ng3 e6 6. d4 Be7 7. c4 O-O 8. b3 Nbd7 9. Be2 b6 10. O-O Bb7 11. Re1 c5 12. Bb2 cxd4 13. Nxd4 Nc5 14. Bf3 Bxf3 15. Qxf3 Qc7 16. Nc6 Rac8 17. Nf5 Bd8 18. Nh6+ Kh8 19. Nxd8 Qxd8 20. Rad1 Qe7 21. Nf5 Qb7 22. Qxb7 Nxb7 23. Nxg7 Kxg7 24. Rd3 e5 25. Rg3+ Kh6 26. Bc1+ Kh5 27. Rxe5+ Kh4 28. Rh3+ Kg4 29. f3# 1-0


[Site "https://www.chess.com"]

[Event "Titled Tuesday Blitz December 06 Late 2022"]
[White "Fernandez Hernandez, Gerardo"]
[Black "Alexikov, Alexander"]
[WhiteFideId "2207400"]
[BlackFideId "14103958"]
[WhiteElo "2188"]
[BlackElo "2222"]
[Result "0-1"]
[Round "04"]
[TimeControl "180+1"]
[Date "2022.12.07"]
[WhiteClock "0:00:06"]
[BlackClock "0:01:06"]

1. e4 c5 2. d3 d6 3. g3 Nc6 4. Bg2 g6 5. f4 Bg7 6. Nf3 e6 7. O-O Nge7 8. c3 f5 9. Be3 b6 10. Bf2 O-O 11. exf5 gxf5 12. Re1 h6 13. Nbd2 Bd7 14. Nc4 Qc7 15. Qb3 Kh7 16. Re2 Rae8 17. Rae1 Nd5 18. Nh4 Nf6 19. h3 b5 20. Ne3 a6 21. Qc2 Qc8 22. a4 Rg8 23. Kh2 Nd8 24. axb5 axb5 25. Nf1 Ref8 26. d4 c4 27. Nd2 d5 28. Ndf3 Ne4 29. Ne5 Nf7 30. g4 Nxe5 31. fxe5 Qd8 0-1


[Site "https://www.chess.com"]

[Event "Titled Tuesday Blitz December 06 Late 2022"]
[White "Ferriz Barrios, Andres"]
[Black "Bogaudinov, Rushan"]
[WhiteFideId "5104467"]
[BlackFideId "4129288"]
[WhiteElo "2219"]
[BlackElo "2028"]
[Result "0-1"]
[Round "04"]
[TimeControl "180+1"]
[Date "2022.12.07"]
[WhiteClock "0:01:36"]
[BlackClock "0:01:29"]

1. b3 a5 2. a4 e5 3. Bb2 d6 4. e3 Nf6 5. d4 exd4 6. Bxd4 Nc6 7. Bb2 Be7 8. Nf3 O-O 9. Nbd2 Re8 10. Bd3 Bf8 11. O-O Bg4 12. c3 Ne5 13. Be2 Ng6 14. h3 Bf5 15. Re1 d5 16. Nf1 c6 17. Ng3 Bd7 18. c4 Be6 19. Ng5 Bb4 20. Nxe6 fxe6 21. Rf1 Rf8 22. f4 Qb6 23. Bd4 Bc5 24. f5 exf5 25. Nxf5 Rae8 26. Kh1 Bxd4 27. exd4 Qc7 28. Bd3 Nf4 29. Qf3 Nxd3 30. Qxd3 g6 31. Nh6+ Kg7 32. Rxf6 Rxf6 33. Ng4 Rfe6 34. cxd5 Re1+ 0-1


[Site "https://www.chess.com"]

[Event "Titled Tuesday Blitz December 06 Late 2022"]
[White "Gallo Garcia, Kemel Antonio"]
[Black "Figorito, Nick"]
[WhiteFideId "3523896"]
[BlackFideId "30923689"]
[WhiteElo "2359"]
[BlackElo "2412"]
[Result "1-0"]
[Round "04"]
[TimeControl "180+1"]
[Date "2022.12.06"]
[WhiteClock "0:01:36"]
[BlackClock "0:01:11"]

1. c4 c6 2. Nf3 d5 3. d4 Nf6 4. g3 g6 5. Bg2 Bg7 6. O-O O-O 7. Ne5 Nbd7 8. cxd5 cxd5 9. Nc3 e6 10. Bf4 Nxe5 11. Bxe5 Bd7 12. Qb3 Bc6 13. a4 Rc8 14. Nb5 a6 15. Na7 Ra8 16. Nxc6 bxc6 17. Rfc1 Qd7 18. Rc2 Rfc8 19. Rac1 Ne8 20. Bxg7 Kxg7 21. a5 Nd6 22. e3 Nc4 23. Bf1 Nxa5 24. Qa4 Nc4 25. Bxc4 dxc4 26. Rxc4 Qb7 27. b4 Qb5 28. Qa5 Rab8 29. Qxb5 Rxb5 30. Rxc6 Rxc6 31. Rxc6 Rxb4 32. Rxa6 f5 33. Rxe6 Rb1+ 34. Kg2 Rd1 35. Re7+ Kg8 36. Kf3 Rd2 37. h3 h5 38. h4 Kf8 39. Rb7 Kg8 40. Rd7 Kf8 41. d5 Ke8 42. Rg7 Rxd5 43. Rxg6 Kf7 44. Rg5 Kf6 45. Rxh5 Rd1 46. Rh8 Rh1 47. Rf8+ Kg6 48. Ra8 Kf6 49. Ra6+ Ke5 50. Ra5+ Kf6 51. Kf4 Rh2 52. Rxf5+ Kg6 53. f3 Rh1 54. Rg5+ Kh6 55. e4 Ra1 56. Re5 Ra4 57. g4 Ra1 58. h5 Rg1 59. Re6+ Kh7 60. Kf5 Kg8 61. f4 Kf7 62. Rb6 Ke7 63. h6 Rh1 64. h7 Kf7 65. h8=Q Rxh8 66. Rb7+ Kg8 67. Rb8+ Kg7 68. Rxh8 Kxh8 69. e5 Kg7 70. e6 Kf8 71. g5 Ke8 72. g6 Kf8 73. Kf6 Ke8 74. g7 Kd8 75. g8=Q+ Kc7 76. e7 Kb6 77. e8=Q Ka6 78. Qgf7 Kb6 79. Qfd7 Kc5 80. Qe5+ Kb6 81. Qdd6+ Kb7 82. Qb5+ Kc8 83. Qdc5+ Kd8 84. Qd3+ Ke8 85. Qc6+ Kf8 86. Qcd6+ Ke8 87. Qe4# 1-0


[Site "https://www.chess.com"]

[Event "Titled Tuesday Blitz December 06 Late 2022"]
[White "Gasparyan, David"]
[Black "Goroshkov, Maksym"]
[WhiteFideId "13311980"]
[BlackFideId "14142716"]
[WhiteElo "2383"]
[BlackElo "2258"]
[Result "0-1"]
[Round "04"]
[TimeControl "180+1"]
[Date "2022.12.07"]
[WhiteClock "0:00:04"]
[BlackClock "0:00:21"]

1. e4 e5 2. Nf3 d6 3. h3 Nf6 4. d3 Be7 5. Nbd2 O-O 6. c3 d5 7. Qc2 dxe4 8. dxe4 Nc6 9. Bc4 Nh5 10. Nf1 Nf4 11. Bxf4 exf4 12. Bd5 Bf6 13. O-O-O Qe7 14. g3 fxg3 15. Nxg3 Be6 16. Nh5 Be5 17. Rhg1 g6 18. Bxc6 bxc6 19. Nxe5 Bxa2 20. Nxc6 Qc5 21. Nf6+ Kg7 22. Nd7 Qxc6 23. Nxf8 Rxf8 24. Rd4 Be6 25. h4 Rb8 26. h5 Bb3 27. Qd3 Qf6 28. hxg6 hxg6 29. Qe2 a5 30. e5 Qf5 31. Rh1 a4 32. Qd2 Kg8 33. Rdh4 Qxe5 34. Rh8+ Qxh8 35. Rxh8+ Kxh8 36. Qd4+ Kg8 37. Qe5 Rd8 38. Qe2 f5 39. Qf3 Kf7 40. Qe2 Kf6 41. Qf3 Rd1+ 42. Qxd1 Bxd1 43. Kxd1 Ke5 44. Kc2 Ke4 45. Kd2 Kf3 46. Ke1 c5 47. Kf1 f4 48. Ke1 c4 49. Kf1 g5 50. Ke1 g4 51. Kf1 g3 52. fxg3 fxg3 53. Kg1 g2 54. b4 axb3 55. Kh2 Kf2 56. Kh3 g1=Q 57. Kh4 Qg6 0-1


[Site "https://www.chess.com"]

[Event "Titled Tuesday Blitz December 06 Late 2022"]
[White "Gerbelli Neto, Eduardo"]
[Black "Przybylski, Wojciech"]
[WhiteFideId "2103281"]
[BlackFideId "1117599"]
[WhiteElo "2178"]
[BlackElo "2217"]
[Result "0-1"]
[Round "04"]
[TimeControl "180+1"]
[Date "2022.12.07"]
[WhiteClock "0:00:16"]
[BlackClock "0:00:14"]

1. e4 e5 2. Nf3 Nc6 3. d4 exd4 4. Nxd4 Nf6 5. Nc3 Bb4 6. Nxc6 bxc6 7. Bd3 O-O 8. O-O d5 9. exd5 cxd5 10. Bg5 c6 11. Qf3 h6 12. Bxf6 Qxf6 13. Qxf6 gxf6 14. Ne2 Bd6 15. Nd4 c5 16. Nf5 Bxf5 17. Bxf5 Be5 18. c3 d4 19. c4 Rab8 20. b3 Rfd8 21. Rad1 Kf8 22. Rd3 Rb6 23. f4 Bd6 24. Rh3 Re8 25. Rxh6 Re2 26. Rxf6 Kg7 27. Bg4 Rxa2 28. Rf5 Rxb3 29. Rd5 Rbb2 30. Bh3 Be7 31. Rd7 Bf6 32. Rd1 Bh4 33. Rd5 Be7 34. Rd7 Bf6 35. Rd5 Rc2 36. Rxc5 d3 37. Rc7 Bd4+ 38. Kh1 d2 39. Rd7 Rc1 40. Bg4 Raa1 0-1


[Site "https://www.chess.com"]

[Event "Titled Tuesday Blitz December 06 Late 2022"]
[White "Girel, Joseph"]
[Black "Winterberg, Lukas"]
[WhiteFideId "36033561"]
[BlackFideId "24622702"]
[WhiteElo "2281"]
[BlackElo "2350"]
[Result "0-1"]
[Round "04"]
[TimeControl "180+1"]
[Date "2022.12.07"]
[WhiteClock "0:00:04"]
[BlackClock "0:00:54"]

1. e4 e6 2. d4 d5 3. Nd2 c5 4. exd5 Qxd5 5. Ngf3 cxd4 6. Bc4 Qd7 7. O-O Nc6 8. Nb3 a6 9. a4 Nf6 10. Qe2 Bd6 11. Rd1 e5 12. Nbxd4 Nxd4 13. Rxd4 Qe7 14. Rxd6 Qxd6 15. b3 e4 16. Ba3 Qf4 17. h3 Be6 18. Nd4 Qe5 19. Rd1 O-O-O 20. Nxe6 fxe6 21. Re1 Rd7 22. Qe3 Qd4 23. Bxe6 Qxe3 24. Rxe3 Re8 25. Bxd7+ Kxd7 26. Bb2 Kc6 27. f3 exf3 28. Rxf3 Re6 29. Bxf6 gxf6 30. Kf2 Kd5 31. Re3 Rc6 32. c3 a5 33. Ke2 Rb6 34. c4+ Kd4 35. Kd2 f5 36. Rd3+ Ke4 37. Kc2 f4 38. c5 Rg6 39. Rd2 Rc6 40. Re2+ Kd4 41. Re7 Rxc5+ 42. Kb2 Rg5 43. Rxh7 Rxg2+ 44. Ka3 b6 45. Rh6 Kc5 46. Rh5+ Kd4 47. Rb5 Rg6 48. Rf5 Ke4 49. Rf8 f3 50. h4 Ke3 51. h5 Rh6 52. Rf5 f2 0-1


[Site "https://www.chess.com"]

[Event "Titled Tuesday Blitz December 06 Late 2022"]
[White "Girsh, Daniel"]
[Black "Zhu, Jiner"]
[WhiteFideId "30949190"]
[BlackFideId "8608059"]
[WhiteElo "2075"]
[BlackElo "2384"]
[Result "1-0"]
[Round "04"]
[TimeControl "180+1"]
[Date "2022.12.07"]
[WhiteClock "0:00:17"]
[BlackClock "0:00:06"]

1. e4 c5 2. Nf3 Nc6 3. d4 cxd4 4. Nxd4 Nf6 5. Nc3 e5 6. Ndb5 d6 7. Nd5 Nxd5 8. exd5 Nb8 9. Be2 Be7 10. O-O Nd7 11. a4 a6 12. Na3 O-O 13. Nc4 a5 14. Kh1 f5 15. f4 Qc7 16. Be3 Bf6 17. c3 exf4 18. Bxf4 Ne5 19. Nxe5 dxe5 20. d6 Qb6 21. Qd5+ Kh8 22. Bxe5 Bxe5 23. Qxe5 Bd7 24. Bf3 Rae8 25. Qd4 Qxd4 26. cxd4 Rf6 27. Rfe1 Rxe1+ 28. Rxe1 b6 29. Re7 Rxd6 30. d5 Kg8 31. b3 Kf8 32. Re5 Kf7 33. Kg1 Kf6 34. Re1 g5 35. g3 h6 36. Kf2 Kf7 37. Ke3 Kf6 38. Kd4 f4 39. gxf4 gxf4 40. Be4 Bg4 41. h3 Bh5 42. Rf1 Kg5 43. h4+ Kxh4 44. Rxf4+ Kg5 45. Rf5+ Kg4 46. Re5 Bf7 47. Re7 Bg8 48. Rg7+ Kf4 49. Rxg8 1-0


[Site "https://www.chess.com"]

[Event "Titled Tuesday Blitz December 06 Late 2022"]
[White "Godzwon, Iwo"]
[Black "Silva, Pedro Gil Ferreira Da"]
[WhiteFideId "21802483"]
[BlackFideId "1946102"]
[WhiteElo "2284"]
[BlackElo "2241"]
[Result "1-0"]
[Round "04"]
[TimeControl "180+1"]
[Date "2022.12.07"]
[WhiteClock "0:02:37"]
[BlackClock "0:02:03"]

1. e4 c5 2. Nf3 e6 3. d4 cxd4 4. Nxd4 a6 5. c4 Nf6 6. Nc3 Bb4 7. Nc2 Bxc3+ 8. bxc3 Qc7 9. f3 O-O 10. Bg5 Qe5 11. Qd2 d5 12. Bf4 Qh5 13. g4 Qg6 14. e5 Nfd7 15. Bd3 f5 16. cxd5 Nc6 17. dxc6 1-0


[Site "https://www.chess.com"]

[Event "Titled Tuesday Blitz December 06 Late 2022"]
[White "Graif, William"]
[Black "Arbunic Castro, Giovanna"]
[WhiteFideId "2609835"]
[BlackFideId "3400549"]
[WhiteElo "2205"]
[BlackElo "1935"]
[Result "1-0"]
[Round "04"]
[TimeControl "180+1"]
[Date "2022.12.07"]
[WhiteClock "0:01:04"]
[BlackClock "0:00:11"]

1. e4 g6 2. Nc3 Bg7 3. Bc4 c5 4. h4 h5 5. Qf3 e6 6. d4 cxd4 7. Nb5 d6 8. Bf4 Be5 9. Bxe5 dxe5 10. Qa3 Nc6 11. Nd6+ Kd7 12. Nxf7 Qa5+ 13. Qxa5 Nxa5 14. Bb5+ Ke7 15. Nxh8 a6 16. Nxg6+ Kf7 17. Nxe5+ Kf6 18. Nd7+ Ke7 19. Nb6 1-0


[Site "https://www.chess.com"]

[Event "Titled Tuesday Blitz December 06 Late 2022"]
[White "Gutkin, Ilya"]
[Black "Papp, Levente"]
[WhiteFideId "16203470"]
[BlackFideId "751243"]
[WhiteElo "2265"]
[BlackElo "2380"]
[Result "1-0"]
[Round "04"]
[TimeControl "180+1"]
[Date "2022.12.07"]
[WhiteClock "0:00:08"]
[BlackClock "0:00:02"]

1. Nf3 Nc6 2. d4 e6 3. g3 Nf6 4. Bg2 d5 5. c4 dxc4 6. O-O Be7 7. Na3 Bxa3 8. bxa3 O-O 9. Bb2 Rb8 10. a4 a6 11. Qc2 b5 12. Ng5 Nxd4 13. Qd1 c5 14. e3 bxa4 15. Ba3 Nd5 16. Ne4 Nb5 17. Bxc5 Re8 18. Qxa4 c3 19. Rac1 Bb7 20. Rfd1 Rc8 21. Bd4 Nxd4 22. Rxd4 Qb6 23. Qb3 Qxb3 24. axb3 c2 25. Nd6 Nc3 26. Rxc2 e5 27. Rc4 Bxg2 28. Rxc8 Rxc8 29. Nxc8 1-0


[Site "https://www.chess.com"]

[Event "Titled Tuesday Blitz December 06 Late 2022"]
[White "Guzman Moneo, Alberto"]
[Black "Yurasova, Daria"]
[WhiteFideId "2209616"]
[BlackFideId "34146919"]
[WhiteElo "2157"]
[BlackElo "2098"]
[Result "0-1"]
[Round "04"]
[TimeControl "180+1"]
[Date "2022.12.07"]
[WhiteClock "0:00:19"]
[BlackClock "0:00:22"]

1. c4 c5 2. Nf3 b6 3. g3 Bb7 4. Bg2 Nf6 5. O-O e6 6. Nc3 Be7 7. d4 cxd4 8. Qxd4 O-O 9. Bf4 d6 10. Qd2 Na6 11. Rfd1 Rc8 12. b3 d5 13. cxd5 Nxd5 14. Nxd5 Bxd5 15. Rac1 Rxc1 16. Qxc1 Qa8 17. Ne1 Bxg2 18. Nxg2 Nc5 19. Be5 Rd8 20. Ne3 f6 21. Bb2 Kf7 22. Qc2 Qe4 23. Rxd8 Qxc2 24. Nxc2 Bxd8 25. Nd4 Bc7 26. Nc6 a6 27. f3 a5 28. Kf2 e5 29. Na7 Ne6 30. Nb5 Bb8 31. e3 Ke8 32. f4 exf4 33. gxf4 Kd7 34. Kf3 Nc5 35. Bd4 Kc6 36. Nc3 Nd3 37. Ke2 Nb4 38. h4 Nc2 39. Kd3 Ne1+ 40. Ke4 b5 41. h5 Nc2 42. h6 f5+ 43. Kxf5 Nxd4+ 44. exd4 gxh6 45. Ke6 b4 46. d5+ Kc5 47. Ne4+ Kd4 48. d6 Kxe4 49. f5 Bxd6 50. Kxd6 Kxf5 51. Kc5 h5 52. Kb5 h4 53. Kxa5 h3 54. Kxb4 h2 55. Kb5 h1=Q 56. Ka6 Qa1 57. b4 Qxa2+ 0-1


[Site "https://www.chess.com"]

[Event "Titled Tuesday Blitz December 06 Late 2022"]
[White "Haszon, David"]
[Black "Grapsa, Georgia"]
[WhiteFideId "733610"]
[BlackFideId "4206436"]
[WhiteElo "2210"]
[BlackElo "1825"]
[Result "0-1"]
[Round "04"]
[TimeControl "180+1"]
[Date "2022.12.07"]
[WhiteClock "0:00:20"]
[BlackClock "0:00:28"]

1. e4 d5 2. exd5 Qxd5 3. Nc3 Qa5 4. d4 Nf6 5. Nf3 c6 6. Bc4 Bf5 7. h3 e6 8. g4 Bg6 9. Ne5 Nbd7 10. Nxg6 hxg6 11. Bd2 Qb6 12. Qf3 Qxd4 13. Be2 Bb4 14. O-O-O Bxc3 15. Bxc3 Qa4 16. Kb1 O-O 17. h4 Nd5 18. Rxd5 cxd5 19. h5 d4 20. hxg6 fxg6 21. Qe4 e5 22. Qd5+ Rf7 23. Bc4 Rf8 24. Bb3 Qc6 25. Bb4 Qxd5 26. Bxd5 Nf6 27. Be6 g5 28. Bxf8 Kxf8 29. Bxf7 Kxf7 30. f3 Ke6 31. c3 dxc3 32. bxc3 e4 33. fxe4 Ke5 34. Kc2 Kxe4 35. Rh8 Kf3 36. Rb8 Kxg4 37. Rxb7 Nh5 38. Rxa7 Kh3 39. Rb7 g4 40. a4 g3 41. a5 g2 42. Rb1 Ng3 43. a6 Nf1 44. a7 g1=Q 45. a8=Q Qf2+ 46. Kb3 Nd2+ 47. Kb2 Nxb1+ 48. Kxb1 g5 49. Qh8+ Kg2 50. Qd4 Qf5+ 51. Kb2 g4 52. c4 g3 53. c5 Qf2+ 54. Kc3 Qxd4+ 55. Kxd4 Kh2 56. c6 g2 57. c7 g1=Q+ 58. Kd5 Qg8+ 59. Kc6 Qc8 0-1


[Site "https://www.chess.com"]

[Event "Titled Tuesday Blitz December 06 Late 2022"]
[White "Hoffmann, Asa"]
[Black "Fajdetic, Hrvoje"]
[WhiteFideId "2001470"]
[BlackFideId "14501945"]
[WhiteElo "2117"]
[BlackElo "2154"]
[Result "1-0"]
[Round "04"]
[TimeControl "180+1"]
[Date "2022.12.07"]
[WhiteClock "0:00:40"]
[BlackClock "0:00:17"]

1. d4 Nf6 2. Bg5 e6 3. Nd2 d5 4. e3 Be7 5. Bd3 b6 6. f4 Bb7 7. Ngf3 Nbd7 8. O-O O-O 9. c3 c5 10. Ne5 Nxe5 11. fxe5 Ne4 12. Bxe7 Qxe7 13. Bxe4 dxe4 14. Qg4 cxd4 15. exd4 e3 16. Ne4 Kh8 17. Rae1 f5 18. exf6 gxf6 19. Qh4 Qg7 20. Rxe3 f5 21. Ng3 Rae8 22. Rf2 e5 23. dxe5 Rxe5 24. Rxe5 Qxe5 25. Qd4 Qxd4 26. cxd4 f4 27. Ne2 f3 28. gxf3 Rxf3 29. Rxf3 Bxf3 30. Nc3 Kg7 31. Kf2 Bh1 32. Ke3 Kf6 33. Kf4 Bc6 34. h4 h5 35. b4 a6 36. a4 Bb7 37. a5 bxa5 38. bxa5 Bc6 39. Ne4+ Ke7 40. Ke5 Bb5 41. d5 Ba4 42. d6+ Kf7 43. Nc5 Bb5 44. Kf5 Be2 45. Kg5 Kf8 46. Ne6+ Ke8 47. Nf4 Bf3 48. Kf6 Kd7 49. Ke5 Bd1 50. Nd5 Kc6 51. Nf6 Bg4 52. Nxg4 hxg4 53. Kf4 Kxd6 54. Kxg4 Ke6 55. Kg5 Kf7 56. Kf5 Kg7 57. Ke5 Kh6 58. Kd5 Kh5 59. Kc5 Kxh4 60. Kb6 Kg5 61. Kxa6 Kf6 62. Kb7 Ke7 63. a6 Kd7 64. a7 1-0


[Site "https://www.chess.com"]